 Dungeon Crawl Stone Soup version 0.30-a0-738-g116ff8c4af (webtiles) character file.

Game seed: 9339746004184047352

10 NinjaNoafa the Trooper (level 2, -1/24 HPs)
             Began as a Merfolk Fighter on Feb 3, 2023.
             Slain by a goblin
             ... wielding a +0 club
              (3 damage)
             ... on level 1 of the Dungeon.
             The game lasted 00:00:47 (327 turns).

NinjaNoafa the Trooper (Merfolk Fighter)             Turns: 327, Time: 00:00:48

Health: -1/24      AC:  6    Str: 16    XL:     2   Next: 20%
Magic:  2/2        EV:  9    Int:  7    God:
Gold:   25         SH:  4    Dex: 13    Spells: 1/1 levels left

rFire   . . .      SeeInvis .    a - +0 rapier
rCold   . . .      Faith    .    c - +0 buckler
rNeg    . . .      Spirit   .    b - +0 scale mail
rPois   .          Reflect  .    (no helmet)
rElec   .          Harm     .    (no cloak)
rCorr   .          Rampage  .    (no gloves)
Will    .....                    (no boots) Stlth
                                 (no amulet)
HPRegen 0.24/turn                (no ring)
MPRegen 0.08/turn                (no ring)

@: mighty
A: (nimble swimmer 2), mertail
a: no special abilities


You were on level 1 of the Dungeon.
You visited 1 branch of the dungeon, and saw 1 of its levels.

You collected 25 gold pieces.

Inventory:

Hand Weapons
 a - a +0 rapier (weapon)
Armour
 b - a +0 scale mail (worn)
 c - a +0 buckler (worn)
Potions
 e - a potion of berserk rage {unknown}
 f - a potion of flight {unknown}


   Skills:
 + Level 3.4 Fighting
 + Level 2.7 Short Blades
 - Level 2.1 Armour
 + Level 1.0 Dodging
 + Level 3.1 Shields


You had one spell level left.
You didn't know any spells.
Your spell library was empty.

Dungeon Overview and Level Annotations

Branches:
Dungeon (1/15)

Altars:


Innate Abilities, Weirdness & Mutations

((You are very nimble when in or above water. (Stealth+, EV+, Speed+++)))
Your lower body shifts to a powerful aquatic tail in water.


Message History

a +0 dagger; a +0 club The hobgoblin attacks as you move away!
The hobgoblin hits you but does no damage.
The hobgoblin attacks as you move away! The hobgoblin hits you.
* * * LOW HITPOINT WARNING * * *
You hit the hobgoblin.
The hobgoblin is moderately wounded.
The hobgoblin barely misses you.
You closely miss the hobgoblin.
The hobgoblin is moderately wounded.
The hobgoblin hits you but does no damage.
You hit the hobgoblin but do no damage.
The hobgoblin is moderately wounded.
The goblin hits you with a +0 club.
* * * LOW HITPOINT WARNING * * *
You closely miss the goblin. The hobgoblin completely misses you. x2
The goblin misses you. The goblin hits you with a +0 club.
* * * LOW HITPOINT WARNING * * *
The hobgoblin attacks as you move away! The hobgoblin barely misses you.
The hobgoblin attacks as you move away! The hobgoblin closely misses you.
The goblin attacks as you move away! The goblin barely misses you.
You aren't carrying any scrolls.
Unknown command.
You hit the hobgoblin.
You kill the hobgoblin!
The goblin completely misses you. The hobgoblin barely misses you.
Okay, then.
You feel very mighty all of a sudden. The goblin misses you.
You block the hobgoblin's attack.
You barely miss the hobgoblin.
The hobgoblin hits you but does no damage.
You block the goblin's attack.
You miss the goblin. The goblin hits you with a +0 club.
* * * LOW HITPOINT WARNING * * *
The hobgoblin hits you but does no damage.
You puncture the hobgoblin!
You kill the hobgoblin!
The goblin hits you with a +0 club.
You die...

#####.#......# #......#
.............###......#######
...............'........>....
###.......###......##.####
#...÷.....# #......##.# #
#.........# #.....###)# #
#..#......# #.....# #.####
#.........######### #.#...
##.......@..# #.#...
#........††g.# #.#...
####.........# #.#...
######...## #... #.....##
#... ......#...## #...
......(#.#..# ####
.......#.##.# #
.......#.##.###


You could see a goblin.

Vanquished Creatures
  A bat (D:1)
  3 goblins (D:1)
  2 hobgoblins (D:1)
  2 jackals (D:1)
  A frilled lizard (D:1)
9 creatures vanquished.

Notes
Turn   | Place    | Note
-------+----------+-------------------------------------------
     0 | D:1      | NinjaNoafa the Merfolk Fighter began the quest for the Orb.
     0 | D:1      | Reached XP level 1. HP: 18/18 MP: 1/1
   150 | D:1      | Reached XP level 2. HP: 9/24 MP: 2/2
   239 | D:1      | Reached skill level 1 in Dodging
   327 | D:1      | Slain by a goblin

Illustrated notes

Levels and vault maps discovered:
D:1:      dpeg_arrival_erosion, layout_basic, st_stairs_5,
          lexackson_kobold_supper

Skill      XL: |  1  2 |
---------------+-------+-----
Dodging        | 1 |  1.0
Fighting       | |  3.4
Short Blades   | |  2.7
Armour         | |  2.1
Shields        | |  3.1

Action                     || total
---------------------------++-------
  Melee: Rapier            ||    44
    Use: Potion            ||     1
 Armour: Scale mail        ||    36
  Dodge: Dodged            ||    25
  Block: Buckler           ||    19

Table legend: (Time is in decaauts)
 A = Elapsed time spent in this place.
 B = Non-inter-level travel time spent in this place.
 C = Inter-level travel time spent in this place.
 D = Time resting spent in this place.
 E = Time spent auto-exploring this place.
 F = Levels seen in this place.
 G = Mean time per level.
                   A        B        C        D        E       F      G
               +--------+--------+--------+--------+--------+-----+--------+
         Total |    331 |    331 |      0 |      0 |    214 |   1 |  331.0 |
       Dungeon |    331 |    331 |      0 |      0 |    214 |   1 |  331.0 |
               +--------+--------+--------+--------+--------+-----+--------+

Top non-repeatable levels by time:
     D:1: 331 daAuts
